 Dungeon Crawl Stone Soup version 0.19.1 (webtiles) character file.

3688 Monsterracer the Arsonist (level 9, -2/49 HPs)
             Began as a Deep Elf Fire Elementalist on Nov 27, 2016.
             Was a Priest of Vehumet.
             Slain by a red ugly thing (13 damage)
             ... on level 9 of the Dungeon.
             The game lasted 00:33:40 (9945 turns).

Monsterracer the Arsonist (DEFE)                    Turns: 9945, Time: 00:33:41

Health: -2/49      AC: 19    Str:  6    XL:     9   Next: 90%
Magic:  12/23      EV: 12    Int: 25    God:    Vehumet [***...]
Gold:   254        SH:  0    Dex: 20    Spells: 4 memorised, 13 levels left

rFire  . . .     SeeInvis .     k - +2 short sword (venom)
rCold  + . .     Gourm    .     b - +6 ring mail of Fallacy {rC+ rN+ rCorr Dex+5}
rNeg   + . .     Faith    .     (no shield)
rPois  +         Spirit   .     c - +0 helmet
rElec  .         Reflect  .     e - +0 cloak {rPois}
rCorr  +         Harm     .     (no gloves)
MR     .....                    g - +2 pair of boots
Stlth  ++........               (no amulet)
                                p - +3 ring of protection
                                n - +2 ring of intelligence

@: no status effects
A: no striking features
a: Renounce Religion


You were on level 9 of the Dungeon.
You worshipped Vehumet.
Vehumet was most pleased with you.
You were hungry.

You visited 1 branch of the dungeon, and saw 9 of its levels.

You collected 445 gold pieces.
You spent 191 gold pieces at shops.

Inventory:

Hand Weapons
 k - a +2 short sword of venom (weapon)
Armour
 b - the +6 ring mail of Fallacy (worn) {rC+ rN+ rCorr Dex+5}
   (You bought it in a shop on level 6 of the Dungeon)

   It affects your dexterity (+5).
   It protects you from cold.
   It protects you from negative energy.
   It protects you from acid and corrosion.
 c - a +0 helmet (worn)
 e - a +0 cloak of poison resistance (worn)
 g - a +2 pair of boots (worn)
Jewellery
 l - an uncursed ring of resist corrosion
 n - a +2 ring of intelligence (left hand)
 p - a +3 ring of protection (right hand)
 q - an uncursed ring of flight
Scrolls
 d - 6 scrolls of identify
 h - a scroll of enchant armour
 i - a scroll of teleportation
 j - 5 scrolls of remove curse
 m - a scroll of magic mapping
Potions
 r - 2 potions of agility
Comestibles
 a - 4 fruits
 f - 5 meat rations


   Skills:
 + Level 2.9 Fighting
 + Level 5.3 Dodging
 - Level 2.4 Stealth
 + Level 8.4 Spellcasting
 * Level 9.2 Conjurations
 * Level 9.4 Fire Magic


You had 13 spell levels left.
You knew the following spells:

 Your Spells              Type           Power        Failure   Level  Hunger
a - Flame Tongue          Conj/Fire      #####        1%          1    None
c - Sticky Flame          Conj/Fire      ######..     2%          4    ##.....
d - Fireball              Conj/Fire      ######....   4%          5    ####...
e - Magic Dart            Conj           ####         1%          1    None


Dungeon Overview and Level Annotations

Branches:
Dungeon (9/15)             Temple (0/1) D:6
   Lair: D:8-11         Orc: D:9-12

Altars:
Ashenzari
Cheibriados
Dithmenos
Elyvilon
Gozag
Kikubaaqudgha
Okawaru
Qazlal
Ru
Sif Muna
Uskayaw
Vehumet

Shops:
D:5 :   D:6 [   D:8 ?


Message History

The red ugly thing is lightly wounded.
The red ugly thing engulfs you!
You are engulfed in flames!!
Casting: Sticky Flame
Confirm with . or Enter, or press ? or * to list all spells.
Aiming: Fireball
Press: ? - help, Shift-Dir - straight line, p - red ugly thing The fireball explodes!
The fireball engulfs the adder skeleton.
You destroy the adder skeleton!
Vehumet accepts your kill.
Vehumet is aiding your destructive magics.
You feel your power returning.
The fireball engulfs the red ugly thing.
The red ugly thing resists.
The red ugly thing is moderately wounded.
You are feeling hungry.
The red ugly thing engulfs you!
* * * LOW HITPOINT WARNING * * *
You are engulfed in flames!
You die...

##+ ####### ##+####
#.. #.#...# .......
#.#####.#.#.#
.......##.#...#...#.#
........#.#.#.#####.#
...>...@..#.#...#...#
......u##.#.###.#.###
....... #.#.#.<.#...#
....... #.#.#.#####.#
....... #...#.......#
#####+# #########'###
#...# #.###
####'########


You could see a red ugly thing.

Vanquished Creatures
  Joseph (D:8)
  Sigmund (D:6)
  2 water moccasins
  Duvessa (D:7)
  2 ice beasts
  A phantom (D:7)
  3 sky beasts
  3 ogres
  3 centaurs
  3 bullfrogs
  A gnoll sergeant (D:5)
  Dowan (D:7)
  2 wyvern skeletons
  6 wights
  A howler monkey (D:5)
  A crimson imp (D:8)
  3 orc priests (D:8)
  A centaur zombie (D:5)
  5 hounds
  Crazy Yiuf (D:7)
  A bullfrog skeleton (D:4)
  7 orc wizards
  4 worker ants
  Natasha (thrice) (D:4)
  2 iguanas
  12 gnolls
  8 adders
  2 shadow imps
  An adder zombie (D:8)
  3 adder skeletons
  3 worms
  4 dart slugs
  5 leopard geckos
  18 orcs
  A ball python (D:3)
  3 giant cockroaches
  9 goblins
  10 hobgoblins
  20 jackals
  3 quokkas
  8 bats
  5 frilled lizards
  13 kobolds
  10 rats
197 creatures vanquished.

Notes
Turn   | Place    | Note
-------+----------+-------------------------------------------
     0 | D:1      | Monsterracer the Deep Elf Fire Elementalist began the quest for the Orb.
     0 | D:1      | Reached XP level 1. HP: 10/10 MP: 6/6
   183 | D:1      | Reached XP level 2. HP: 15/15 MP: 6/8
   809 | D:1      | Reached XP level 3. HP: 12/19 MP: 3/9
  1396 | D:2      | Found an iron altar of Okawaru.
  1396 | D:2      | Found a sacrificial altar of Ru.
  1787 | D:2      | Reached XP level 4. HP: 24/24 MP: 4/11
  1830 | D:2      | Learned a level 3 spell: Conjure Flame
  1835 | D:2      | Learned a level 4 spell: Sticky Flame
  2780 | D:3      | Reached XP level 5. HP: 28/28 MP: 11/13
  3284 | D:4      | Noticed Natasha
  3290 | D:4      | Killed Natasha
  3359 | D:4      | Found an ancient bone altar of Kikubaaqudgha.
  3379 | D:4      | Reached skill level 5 in Fire Magic
  3461 | D:4      | Reached XP level 6. HP: 32/32 MP: 11/15
  3490 | D:4      | Found a radiant altar of Vehumet.
  3492 | D:4      | Identified Vehumet's Guide on Conjuration
  3495 | D:4      | Became a worshipper of Vehumet
  3502 | D:4      | Learned a level 5 spell: Fireball
  3525 | D:4      | Learned a level 1 spell: Magic Dart
  3554 | D:4      | Noticed Natasha
  3562 | D:4      | Killed Natasha
  3562 | D:4      | Reached skill level 5 in Spellcasting
  3568 | D:4      | Noticed Natasha
  3571 | D:4      | Killed Natasha
  4618 | D:4      | Found a deep blue altar of Sif Muna.
  4681 | D:5      | Entered Level 5 of the Dungeon
  4794 | D:5      | Found Sakkiff's Book Shop.
  4998 | D:5      | Reached * piety under Vehumet
  4998 | D:5      | Offered knowledge of Sandblast by Vehumet.
  5102 | D:5      | Noticed a water moccasin
  5107 | D:5      | Killed a water moccasin
  5107 | D:5      | Reached skill level 5 in Conjurations
  5107 | D:5      | Reached XP level 7. HP: 32/36 MP: 11/17
  5307 | D:5      | Found an opulent altar of Gozag.
  5787 | D:5      | Found a shattered altar of Ashenzari.
  6060 | D:5      | Reached XP level 8. HP: 27/41 MP: 3/19
  6807 | D:6      | Found a snail-covered altar of Cheibriados.
  6816 | D:6      | Noticed Sigmund
  6825 | D:6      | Killed Sigmund
  6825 | D:6      | Reached skill level 1 in Fighting
  6919 | D:6      | Found Zeojith's Antique Armour Shop.
  6927 | D:6      | Bought a warped ring mail for 171 gold pieces
  6938 | D:6      | Identified the +6 ring mail of Fallacy {rC+ rN+ rCorr Dex+5} (You bought it in a shop on level 6 of the Dungeon)
  7103 | D:6      | Found a shadowy altar of Dithmenos.
  7167 | D:6      | Found a staircase to the Ecumenical Temple.
  7513 | D:7      | Noticed Dowan
  7517 | D:7      | Noticed Duvessa
  7643 | D:7      | Killed Duvessa
  7695 | D:7      | Killed Dowan
  7806 | D:7      | Offered knowledge of Freeze by Vehumet.
  7817 | D:7      | Reached ** piety under Vehumet
  7817 | D:7      | Reached XP level 9. HP: 48/48 MP: 9/22
  8149 | D:7      | Found a stormy altar of Qazlal.
  8226 | D:7      | Found a white marble altar of Elyvilon.
  8439 | D:7      | Found a runed door.
  8443 | D:7      | Noticed Crazy Yiuf
  8444 | D:7      | Killed Crazy Yiuf
  8504 | D:8      | Found Watecs's Magic Scroll Emporium.
  8633 | D:8      | Bought a scroll of identify for 20 gold pieces
  9058 | D:8      | Noticed Joseph
  9073 | D:8      | Killed Joseph
  9073 | D:8      | Reached skill level 5 in Dodging
  9209 | D:8      | Gained mutation: Your skin changes colour to match your surroundings (Stealth+). [potion of mutation]
  9209 | D:8      | Gained mutation: You are dopey. (Int -2) [potion of mutation]
  9209 | D:8      | Gained mutation: You are weak. (Str -2) [potion of mutation]
  9210 | D:8      | Lost mutation: You are weak. (Str -2) [potion of cure mutation]
  9210 | D:8      | Lost mutation: You are dopey. (Int -2) [potion of cure mutation]
  9210 | D:8      | Lost mutation: Your skin changes colour to match your surroundings (Stealth+). [potion of cure mutation]
  9604 | D:8      | Offered knowledge of Ignite Poison by Vehumet.
  9815 | D:8      | Found a hide-covered altar of Uskayaw.
  9940 | D:9      | Noticed a red ugly thing
  9945 | D:9      | Reached *** piety under Vehumet
  9945 | D:9      | Slain by a red ugly thing

Skill      XL: |  1  2  3  4  5  6  7  8  9 |
---------------+----------------------------+-----
Conjurations   | 2 3 4 5 6 7 9 |  9.2
Fire Magic     | 4 5 6 7 8 9 |  9.4
Spellcasting   | 4 5 6 7 8 |  8.4
Fighting       | 2 |  2.9
Dodging        | 3 5 |  5.3
Stealth        | |  2.4

Action                   |  1- 3 |  4- 6 |  7- 9 || total
-------------------------+-------+-------+-------++-------
Melee: Short sword       |     4 |     1 |     3 ||     8
 Cast: Flame Tongue      |    75 |   140 |   177 ||   392
       Conjure Flame     |       |     1 |       ||     1
       Magic Dart        |       |     9 |    30 ||    39
       Sticky Flame      |       |     3 |    11 ||    14
       Fireball          |       |     1 |    25 ||    26
  Use: Potion            |     1 |     4 |     5 ||    10
       Scroll            |       |     1 |     8 ||     9
  Eat: Chunk             |     2 |     8 |    16 ||    26
       Bread ration      |       |     1 |     1 ||     2
       Beef jerky        |       |       |     1 ||     1
Armor: Robe              |    10 |    13 |     9 ||    32
       Ring mail         |       |       |    48 ||    48
Dodge: Dodged            |    25 |    28 |    75 ||   128
